 Dungeon Crawl Stone Soup version 0.18-a0-1788-g92de1ac (webtiles) character file.

540169 ololoev the Demon Slayer (level 25, -3/232 (235) HPs)
             Began as a Hill Orc Fighter on Apr 19, 2016.
             Was a High Priest of the Shining One.
             Killed from afar by a quicksilver dragon (13 damage)
             ... with a bolt of dispelling energy
             ... on level 7 of the Iron City of Dis.
             The game lasted 02:40:42 (32323 turns).

ololoev the Demon Slayer (Hill Orc Fighter)        Turns: 32323, Time: 02:40:44

HP:   -3/232 (235)  AC: 47    Str: 31      XL:     25   Next: 95%
MP:   29/36         EV: 16    Int:  7 (8)  God:    the Shining One [*****.]
Gold: 2360          SH:  0    Dex: 18      Spells: 0 memorised, 24 levels left

rFire  + + .     SeeInvis +     a - +8 battleaxe (holy)
rCold  + + +     Gourm    .     t - +10 gold dragon armour
rNeg   + + .     Faith    +     (shield currently unavailable)
rPois  +         Spirit   .     (helmet restricted)
rElec  +         Dismiss  .     e - +2 cloak {MR+}
rCorr  .         Reflect  .     s - +2 pair of gloves
SustAt .         Harm     .     (no boots)
MR     ++...                    h - amulet of Moodiness {Faith rC+}
Stlth  ..........               b - ring "Qennuozi" {rF+ Dex+8}
                                o - ring "Meawaex" {rElec rC+ SInv}

@: glowing, very resistant to hostile enchantments, extremely unstealthy
A: hooves 1, horns 1, icy blue scales 1, iridescent scales 1, thin metallic
scales 1, low mp 1
a: Divine Shield, Cleansing Flame, Summon Divine Warrior, Renounce Religion
}: 3/15 runes: obsidian, icy, bone


Innate Abilities, Weirdness & Mutations

You have large cloven feet.
You have a pair of small horns on your head.
You are partially covered in icy blue scales (AC +1).
You are partially covered in iridescent scales (AC +4).
You are partially covered in thin metallic scales (AC +2).
Your magical capacity is low (-10% MP).

Inventory:

Hand Weapons
 a - a +8 battleaxe of holy wrath (weapon)
 K - a +2 scimitar of flaming
Armour
 e - a +2 cloak of magic resistance (worn)
 s - a +2 pair of gloves (worn)
 t - a +10 gold dragon armour (worn)
Jewellery
 b - the ring "Qennuozi" (right hand) {rF+ Dex+8}
   (You found it on level 7 of Tartarus)

   [ring of protection from fire]

   It affects your dexterity (+8).
   It protects you from fire.
 h - the amulet of Moodiness (around neck) {Faith rC+}
   (You found it on level 7 of Tartarus)

   [amulet of faith]

   It allows you to gain divine favour quickly.
   It protects you from cold.
 j - an uncursed ring of flight
 o - the ring "Meawaex" (left hand) {rElec rC+ SInv}
   (You found it on level 7 of Tartarus)

   [ring of protection from cold]

   It protects you from cold.
   It insulates you from electricity.
   It lets you see invisible.
 A - an uncursed ring of sustain attributes
Wands
 T - a wand of digging (11/24)
Scrolls
 i - 10 scrolls of remove curse
 k - 3 scrolls of magic mapping
 m - a scroll of blinking
 q - 6 scrolls of recharging
 B - 5 scrolls of fear
 E - 2 scrolls of teleportation
Potions
 n - 2 potions of resistance
 D - 2 potions of cure mutation
 H - 3 potions of cancellation
Comestibles
 l - 16 slices of pizza
 x - 10 meat rations
 G - 13 fruits


   Skills:
 + Level 21.3 Fighting
 O Level 27 Axes
 + Level 20.3 Armour
 + Level 14.1 Dodging
   Level 3.2 Shields
 O Level 27 Invocations


You had 24 spell levels left.
You didn't know any spells.


You were on level 7 of the Iron City of Dis.
You worshipped the Shining One.
The Shining One was extremely pleased with you.
You were hungry.

You visited 8 branches of the dungeon, and saw 46 of its levels.
You visited the Abyss 1 time.
You also visited: Labyrinth, Sewer, Ossuary and Bailey.

You collected 3648 gold pieces.
You spent 1288 gold pieces at shops.

**,,,,,,,,,,,,,*######*,,,,,,,,*,
**,,,,,,,,,,,,*##....##*,,,,,,,*,
**,,,,,**+****##......##*+*,,,,*,
*,,,,,,*,,,,,##..8..8..#,,*,,,,*,
*,,,,,,*,,,,,#.........#,,*,,,,**
*,,,,,,*,,,,,#.........###*,,,,,,
,,,,,,,****###...........##*,,,,,
,,,,,,,,,,*#((..(.........#*,,,,,
,,,,,,,,,*##....@8.())....#**,,,,
,,,,,,,,,*#.....÷D...÷8....#*,,,,
,,,,,,,,*##.....A####(.....#**+*,
,,,,,,,,*#.....###,,###.....',,*,
,,,,,,,,*#....##,,**,,*#....#,,*,
**,,,,,**#....#,******,*....#,,*,
,*,,,,,*##...##,*,,,,*,**...#***,
,*,,,,,*#....#,*,,,,,,*,*....**,,
,*,,,,,*#....#,,,,,,,,,,*,,8,**,,

Notes
Turn   | Place    | Note
--------------------------------------------------------------
     0 | D:1      | ololoev the Hill Orc Fighter began the quest for the Orb.
     0 | D:1      | Reached XP level 1. HP: 19/19 MP: 1/1
   174 | D:1      | Goblin1989: а агргульи нежитью считаются или как для ТСО?
   178 | D:1      | ololoev: нет
   178 | D:1      | ololoev: это же не нежить
   178 | D:1      | ololoev: это камень
   182 | D:1      | jacquesderrida: Вы гипс в глубокое отверстие
   183 | D:1      | Reached XP level 2. HP: 26/26 MP: 2/2
   452 | D:1      | jacquesderrida: У джерри кстать лкс 3д37
  1095 | D:2      | Noticed a moth of wrath
  1115 | D:2      | Reached XP level 3. HP: 33/33 MP: 3/3
  1133 | D:2      | Found a bloodstained altar of Trog.
  1408 | D:2      | Found a faded altar to an unknown god.
  1481 | D:2      | Reached XP level 4. HP: 29/40 MP: 4/4
  1881 | D:3      | Reached skill level 5 in Axes
  2104 | D:3      | Reached XP level 5. HP: 43/46 MP: 3/5
  2114 | D:3      | Found a glowing drain.
  2208 | Sewer    | Entered a sewer
  2298 | Sewer    | Noticed a big kobold
  2315 | Sewer    | Killed a big kobold
  2410 | Sewer    | Reached XP level 6. HP: 53/53 MP: 4/6
  2586 | D:3      | Noticed Terence
  2605 | D:3      | Killed Terence
  2605 | D:3      | Reached skill level 5 in Fighting
  2877 | D:3      | Reached skill level 5 in Armour
  3011 | D:4      | Reached XP level 7. HP: 60/61 MP: 7/7
  3103 | D:4      | Noticed Sigmund
  3112 | D:4      | Killed Sigmund
  3127 | D:4      | jacquesderrida: лалеев, подпишист на бима...
  3127 | D:4      | jacquesderrida: Весь раен уже подписан
  3127 | D:4      | ololoev: no!
  3200 | D:4      | jacquesderrida: че как нирадной
  3204 | D:4      | ololoev: он чат засирает
  3326 | D:4      | jacquesderrida: словинские засирают............
  3341 | D:4      | jacquesderrida: абузиры......
  3366 | D:4      | jacquesderrida: бин абузиры.......
  3423 | D:4      | Reached XP level 8. HP: 36/70 MP: 5/8
  3961 | D:5      | Entered Level 5 of the Dungeon
  4205 | D:5      | Noticed Prince Ribbit
  4215 | D:5      | Killed Prince Ribbit
  4219 | D:5      | Found Gackybb's Elemental Accessories.
  4475 | D:6      | Reached skill level 10 in Axes
  4885 | D:6      | Goblin1989: как кстати от него отписаться?
  4902 | D:6      | ololoev: !beem unsubscribe
  5044 | D:6      | Goblin1989: он для меня уже неактуален, я только в 0,17 играю.
  5105 | D:7      | Reached XP level 9. HP: 71/79 MP: 7/9
  5110 | D:7      | ololoev: лол, в смысле неактуален
  5110 | D:7      | ololoev: 99% игры не поменялос с 10.17
  5110 | D:7      | ololoev: *0.17
  5204 | D:7      | Goblin1989: да я им пользоваться не умею
  5238 | D:7      | Goblin1989: на вики проще сбегать
  5295 | D:7      | Found a staircase to the Ecumenical Temple.
  5402 | Temple   | Entered the Ecumenical Temple
  5410 | Temple   | Became a worshipper of the Shining One
  5521 | D:7      | Found a radiant altar of Vehumet.
  5730 | D:7      | jacquesderrida: не
  5941 | D:8      | jacquesderrida: зач вики
  5942 | D:8      | ololoev: оссуарий!
  5942 | D:8      | ololoev: нойс
  5952 | D:8      | jacquesderrida: для референции см. gham guide
  5967 | D:8      | Found a sand-covered staircase.
  5972 | Ossuary  | Entered an ossuary
  5973 | Ossuary  | ololoev: ща пити подтяну
  5973 | Ossuary  | ololoev: в прошлом оссуарии поднялся с 0* до 3*
  5980 | Ossuary  | jacquesderrida: лалиев в пите
  5982 | Ossuary  | jacquesderrida: на 10 р. дешевле, чем в лаваше
  5991 | Ossuary  | Reached * piety under the Shining One
  6071 | Ossuary  | Reached ** piety under the Shining One
  6071 | Ossuary  | Reached skill level 1 in Invocations
  6159 | Ossuary  | Reached *** piety under the Shining One
  6455 | D:8      | jacquesderrida: ТАК ЕТО НЕ МНОГО
  6463 | D:7      | ololoev: такс, неудачненько вышло
  6463 | D:7      | jacquesderrida: Бесит эти дебильные полоски для обозначения количества
  6470 | D:8      | jacquesderrida: от ...... до ***... столько же, сколько от *****. до ******
  6478 | D:8      | jacquesderrida: или даже меньше
  6487 | D:8      | Noticed Psyche
  6488 | D:8      | Noticed Psyche
  6488 | D:8      | Psyche changed into Psyche the scorpion
  6494 | D:8      | Killed Psyche the scorpion
  6507 | D:8      | jacquesderrida: Где-то 30 поинтов, кажется...
  6508 | D:8      | ololoev: поли лучший ванд
  6637 | D:8      | Noticed Erica
  6648 | D:8      | Killed Erica
  6648 | D:8      | Reached skill level 5 in Invocations
  6648 | D:8      | Reached XP level 10. HP: 86/90 MP: 11/14
  7102 | D:8      | Found a white marble altar of Elyvilon.
  7103 | D:8      | Found a bloodstained altar of Trog.
  7104 | D:8      | Found a burning altar of Makhleb.
  7104 | D:8      | Found a shadowy altar of Dithmenos.
  7105 | D:8      | Found a stormy altar of Qazlal.
  7107 | D:8      | Found a snail-covered altar of Cheibriados.
  7109 | D:8      | Found a basalt altar of Yredelemnul.
  7427 | D:9      | jacquesderrida: лолипоп
  7477 | D:9      | Reached **** piety under the Shining One
  7547 | D:9      | jacquesderrida: https://www.youtube.com/watch?v=77eVM621l2U
  7629 | D:9      | Goblin1989: как вот вы думаете, стоит ли соваться мне к слаймам без ркор?
  7635 | D:9      | ololoev: если с ФШ то стоит
  7795 | D:9      | Goblin1989: нет
  7802 | D:9      | Goblin1989: только торнадо
  7802 | D:9      | ololoev: тогда так себе
  7802 | D:9      | jacquesderrida: ИДИ
  7802 | D:9      | jacquesderrida: ПОРА
  7827 | D:10     | Entered Level 10 of the Dungeon
  7840 | D:10     | Noticed an unseen horror
  7863 | D:10     | Killed an unseen horror
  7878 | D:10     | Goblin1989: тогда следующую руну из абисса доставать?
  7887 | D:10     | ololoev: да
  8010 | D:10     | Goblin1989: или в томбы податься?
  8027 | D:9      | ololoev: негр есть для томбы?
  8027 | D:9      | ololoev: или статуя?
  8314 | D:10     | Reached XP level 11. HP: 81/97 MP: 12/17
  8495 | D:10     | Noticed an unseen horror
  8520 | D:10     | Killed an unseen horror
  8565 | D:10     | Noticed Josephine
  8567 | D:10     | Noticed a necromancer
  8570 | D:10     | Goblin1989: и то, и то есть
  8571 | D:10     | Reached ***** piety under the Shining One
  8574 | D:10     | Killed a necromancer
  8577 | D:10     | ololoev: какой удачный ран!!!
  8577 | D:10     | DEFE: ага
  8577 | D:10     | ololoev: столько то пити!
  8592 | D:10     | Killed Josephine
  8592 | D:10     | Reached skill level 10 in Invocations
  8596 | D:10     | Reached skill level 10 in Fighting
  9059 | D:10     | Noticed a hill giant
  9069 | D:10     | Killed a hill giant
  9075 | D:10     | Noticed a hill giant
  9086 | D:10     | Killed a hill giant
  9109 | D:10     | Reached skill level 15 in Axes
  9286 | D:11     | Found a staircase to the Lair.
  9310 | D:11     | Reached XP level 12. HP: 107/107 MP: 20/20
  9399 | D:11     | Reached skill level 10 in Armour
  9415 | D:11     | Goblin1989: http://CRAWL.XTAHUA.COM/crawl/morgue/Goblin1989/Goblin1989.txt А мне вообще есть смысл с такими резистами на 15 рун рыпаться или лучше 3-мя ограничиться? Как думаешь?
  9417 | D:11     | ololoev: можно подчистить первые 10 этажей зига, может что годное упадет
  9417 | D:11     | ololoev: а вообще у тебя норм резисты
  9417 | D:11     | Goblin1989: понял
  9417 | D:11     | ololoev: негр почти все дыры перекрывает же
  9491 | D:11     | Noticed Nergalle
  9505 | D:11     | Killed Nergalle
  9511 | D:11     | jacquesderrida: найс
  9807 | D:11     | Noticed Harold
  9839 | D:11     | Killed Harold
 10051 | D:11     | jacquesderrida: негр почти все дыры перекрывает, лалиев, 2035
 10057 | D:11     | jacquesderrida: Занесли в протокол
 10205 | D:12     | Found a labyrinth entrance.
 10206 | D:12     | jacquesderrida: И нам нравится!
 10206 | D:12     | jacquesderrida: бляяяяяяяя
 10220 | Lab      | jacquesderrida: Что же выберет мистар лолеев
 10220 | Lab      | Entered a labyrinth
 10241 | Lab      | jacquesderrida: довай бистра
 10241 | Lab      | jacquesderrida: и во второй...
 10241 | Lab      | ololoev: так, время применить мои сверхмощные анилитические способности и сделать лабиринт за 100 ходов
 10309 | Lab      | jacquesderrida: Здесь только прекогнисционные помогут...
 10638 | Lab      | jacquesderrida: было бы неплохо, если бы и здесь был слышен шелест опускающегося флага бейли...
 10668 | Lab      | jacquesderrida: Для дополнительной мотивации
 10668 | Lab      | jacquesderrida: хехе
 10671 | Lab      | Noticed a minotaur
 10689 | Lab      | Killed a minotaur
 10694 | Lab      | Got a pitted war axe
 10707 | Lab      | Identified the +8 war axe of Bodily Harmony {chop, rC- rN+ Str+7} (You found it in a labyrinth)
 10709 | D:12     | jacquesderrida: ноис
 10711 | D:12     | jacquesderrida: че чейны не чекнул...
 10713 | D:12     | jacquesderrida: можт рс был бы...
 10717 | D:12     | jacquesderrida: ЧЕ КАК ТАМ БЕЙЛИ
 10721 | D:12     | jacquesderrida: БЯГИ
 10726 | D:12     | jacquesderrida: СКАЧИ ЛАЛИНВ
 10735 | D:12     | jacquesderrida: К СВОЕЙ МЕЧТЕ
 10757 | D:12     | Found a flagged portal.
 10767 | Bailey   | Entered a bailey
 10767 | Bailey   | Noticed namelastname112's ghost (novice DrCj)
 10768 | Bailey   | jacquesderrida: айййййййййййййй
 10772 | Bailey   | Killed namelastname112's ghost
 11002 | Bailey   | ololoev: нойс
 11002 | Bailey   | ololoev: топоровый бейли походу
 11280 | Bailey   | jacquesderrida: ну
 11309 | Bailey   | jacquesderrida: в клетках же топоры были...
 11318 | Bailey   | Noticed an orc warlord
 11321 | Bailey   | jacquesderrida: АНГЕЛА ДОВАЙ
 11321 | Bailey   | ololoev: в каких клетках?
 11321 | Bailey   | ololoev: а, это типа подсказка?
 11321 | Bailey   | ololoev: понял
 11349 | Bailey   | jacquesderrida: канешн
 11352 | Bailey   | Killed an orc warlord
 11851 | Bailey   | jacquesderrida: АКВАЙРМЕНТЫ
 11851 | Bailey   | ololoev: говно какое-то а не бейли
 11851 | Bailey   | jacquesderrida: ЭКСПИРИЕНСЫ
 11851 | Bailey   | jacquesderrida: ПЕЙ-ЧИТАЙ...
 11851 | Bailey   | ololoev: надо чекнуть
 11851 | Bailey   | jacquesderrida: 9 лечилок
 11851 | Bailey   | ololoev: 3 экспы вряд ли
 11851 | Bailey   | ololoev: берс наверное
 11851 | Bailey   | Gained mutation: You have a pair of small horns on your head. [potion of beneficial mutation]
 11852 | Bailey   | jacquesderrida: поч...
 11852 | Bailey   | ololoev: бенмуты!
 11852 | Bailey   | jacquesderrida: вовза
 11852 | Bailey   | Gained mutation: Your muscles are strong. (Str +2) [potion of beneficial mutation]
 11853 | Bailey   | Gained mutation: You are partially covered in thin metallic scales (AC +2). [potion of beneficial mutation]
 11857 | Bailey   | ololoev: и блинки
 11857 | Bailey   | jacquesderrida: зач каску выбросил
 11924 | D:12     | Found a staircase to the Orcish Mines.
 11925 | D:12     | Found Lijiaz's Armour Shop.
 11958 | D:12     | Noticed Fannar
 11970 | D:12     | Killed Fannar
 11983 | D:12     | Reached XP level 13. HP: 116/116 MP: 22/22
 12021 | D:12     | jacquesderrida: аййййй
 12021 | D:12     | ololoev: охохо
 12021 | D:12     | ololoev: 400 бабок накопить осталось
 12021 | D:12     | jacquesderrida: сразу +2
 12021 | D:12     | jacquesderrida: вон банк
 12021 | D:12     | jacquesderrida: рядом!
 12337 | D:12     | Noticed Frances
 12339 | D:12     | jacquesderrida: 11 банок
 12345 | D:12     | Killed Frances
 12540 | D:13     | jacquesderrida: трежа тров инкоминг
 13056 | D:13     | jacquesderrida: 361507 namelastname112 the Spry (level 21, -2/189 HPs) Began as a Mottled Draconian Wanderer on Apr 19, 2016. Was the Champion of Dithmenos. Shot with a bolt by a yaktaur captain (45 damage)
 13070 | D:13     | jacquesderrida: и так раз 10 на день...
 13090 | D:13     | jacquesderrida: Эх, намир.......
 13267 | D:13     | Gained mutation: You are partially covered in icy blue scales (AC +1). [mutagenic meat]
 13268 | D:13     | Gained mutation: Scrolls take you a little longer to read. [mutagenic meat]
 13270 | D:13     | Gained mutation: You are partially covered in iridescent scales (AC +4). [mutagenic meat]
 13455 | D:13     | Reached ****** piety under the Shining One
 13647 | D:13     | Gained mutation: You are dopey. (Int -2) [mutagenic meat]
 13746 | D:13     | DEFE: >You fell stupid
 13898 | D:13     | ololoev: я пытаюсь легонько смыть рога
 14396 | D:13     | Reached XP level 14. HP: 115/127 MP: 25/25
 14400 | D:13     | Gained mutation: You have large cloven feet. [mutagenic meat]
 14402 | D:13     | Lost mutation: You are dopey. (Int -2) [mutagenic meat]
 14433 | D:14     | Reached skill level 15 in Invocations
 14573 | D:14     | BloodJest: ех жаль звука нету в кровле(
 14573 | D:14     | ololoev: кровавая жесть?
 14681 | D:14     | BloodJest: ну типа того
 14778 | D:14     | Lost mutation: Your muscles are strong. (Str +2) [potion of cure mutation]
 14778 | D:14     | Lost mutation: Scrolls take you a little longer to read. [potion of cure mutation]
 14956 | D:14     | Identified a +7 battleaxe of holy wrath (a +5 battleaxe of electrocution blessed by the Shining One)
 14956 | D:14     | Received a gift from the Shining One
 15096 | D:14     | DEFE: рано захолил
 15099 | D:14     | DEFE: он как элек полехнее бы был
 15099 | D:14     | ololoev: да норм
 15111 | D:14     | DEFE: щит кидай на себя
 15111 | D:14     | DEFE: он оче мало пиети стоит
 15128 | D:14     | DEFE: его прямо спамить можно
 15132 | D:14     | DEFE: даже до экстенда
 15134 | D:14     | Reached skill level 1 in Dodging
 15144 | D:14     | DEFE: сколько мр?
 15146 | D:14     | ololoev: 2 пипирки
 15146 | D:14     | DEFE: ну
 15146 | D:14     | ololoev: я не хочу рисковать!
 15146 | D:14     | ololoev: меня там ГДА ждет
 15146 | D:14     | DEFE: где?
 15146 | D:14     | ololoev: +7 холи топор
 15146 | D:14     | ololoev: в шопе
 15146 | D:14     | DEFE: а сколько?
 15146 | D:14     | ololoev: 50 бабосов осталось накопить
 15146 | D:14     | ololoev: 57 если быть точным
 15146 | D:14     | DEFE: иди на д15
 15149 | D:14     | DEFE: подкопи
 15668 | D:14     | Found a gate to the Vaults.
 15941 | D:15     | Entered Level 15 of the Dungeon
 15941 | D:15     | Noticed Urug
 15952 | D:15     | Killed Urug
 16056 | D:15     | DEFE: о дэв
 16056 | D:15     | DEFE: он тут весб уровень разнесет
 16111 | D:15     | Found a staircase to the Depths.
 16372 | D:12     | Bought a +2 gold dragon armour for 1288 gold pieces
 16389 | D:12     | ololoev: ну если этот персонаж погибнет это будет ппц
 16389 | D:12     | ololoev: надо пойти пожрать
 16389 | D:12     | ololoev: чтобы лучше думалось
 16389 | D:12     | crauler: >10 ev
 16389 | D:12     | DEFE: а че тут думать
 16389 | D:12     | crauler: >4 с кольца
 16389 | D:12     | DEFE: MR бы еще капельку
 16389 | D:12     | DEFE: и рЭлек
 16389 | D:12     | DEFE: Так все норм
 16474 | D:15     | Reached XP level 15. HP: 135/135 MP: 27/27
 16816 | Depths:1 | Entered Level 1 of the Depths
 17905 | Depths:1 | Found a gateway to Hell.
 18035 | Depths:1 | crauler: к погружению готов
 18404 | Depths:1 | Noticed a fire giant
 18413 | Depths:1 | Killed a fire giant
 18650 | Depths:2 | crauler: сейчас не спустишься? собирался же спускаться сразу как найдешь
 18652 | Depths:2 | ololoev: сейчас я крут
 18652 | Depths:2 | ololoev: немного тут покачаюсь еще
 19119 | Depths:2 | ololoev: главное чтобы это не стало famous last words
 19135 | Depths:2 | Reached XP level 16. HP: 140/145 MP: 28/28
 19595 | Depths:2 | Reached skill level 5 in Dodging
 19871 | Depths:2 | Noticed a golden dragon
 19893 | Depths:2 | Killed a golden dragon
 19975 | Depths:2 | Noticed a titan
 19995 | Depths:2 | Killed a titan
 20078 | Depths:2 | Noticed a titan
 20092 | Depths:2 | Killed a titan
 20095 | Depths:2 | Noticed a juggernaut
 20214 | Depths:2 | Noticed a hellephant
 20221 | Depths:2 | crauler: а в чем шаманы перед тсо провинились?
 20230 | Depths:2 | Killed a hellephant
 20231 | Depths:2 | crauler: присты орочьи они другому богу поклоняются, понятно
 20231 | Depths:2 | ololoev: поклоняются не тому
 20231 | Depths:2 | ololoev: еретики
 20251 | Depths:1 | crauler: ??troll shaman
 20574 | Depths:2 | Killed a juggernaut
 20696 | Depths:2 | Reached XP level 17. HP: 146/154 MP: 30/30
 20714 | Depths:2 | Noticed a sphinx
 20732 | Depths:2 | Killed a sphinx
 20842 | Depths:2 | Noticed a titan
 20851 | Depths:2 | Killed a titan
 20866 | Depths:2 | Noticed a sphinx
 20871 | Depths:2 | Killed a sphinx
 21251 | Depths:2 | crauler: можно в принципе кольцо АЦ снять, одеть кольцо силы
 21302 | Depths:2 | ololoev: нет, слишом сомнительный обмент
 21302 | Depths:2 | ololoev: *обмен
 21302 | Depths:2 | crauler: (до этого была прибавка в эв, сейчас нет)
 21370 | Hell     | Entered the Vestibule of Hell
 21370 | Hell     | Noticed Geryon
 21420 | Hell     | Killed Geryon
 21639 | Hell     | Reached skill level 15 in Fighting
 21659 | Hell     | Found a gateway to the decaying netherworld of Tartarus.
 21726 | Hell     | Found a gateway to the ashen valley of Gehenna.
 21801 | Hell     | Found a gateway to the Iron City of Dis.
 21943 | Hell     | Found a gateway to the freezing wastes of Cocytus.
 22066 | Hell     | Reached XP level 18. HP: 163/163 MP: 32/32
 22191 | Hell     | Cast into level 2 of the Abyss (hell knight)
 22192 | Abyss:2  | ololoev: да еманарот!!
 22192 | Abyss:2  | ololoev: АААААААААААААААААААААААААААААААААА!
 22192 | Abyss:2  | ololoev: АААААААААААААААААААААААААААААААААА!
 22192 | Abyss:2  | ololoev: ААААААААААААААААААААААААААААААААААААААААА!
 22192 | Abyss:2  | ololoev: АААААААААААААААААААААААААААААААААА!
 22192 | Abyss:2  | ololoev: ААААААААААААААААААААААААА!
 22192 | Abyss:2  | ololoev: нет
 22192 | Abyss:2  | ololoev: я отказываюсь в это верить
 22192 | Abyss:2  | ololoev: я убью всех, кто за этим стоит!
 22209 | Abyss:2  | Noticed a tentacled monstrosity
 22222 | Abyss:2  | Killed a tentacled monstrosity
 22258 | Hell     | Escaped the Abyss
 22327 | Tar:1    | Entered Level 1 of Tartarus
 22740 | Tar:4    | Noticed a doom hound
 22748 | Tar:4    | Killed a doom hound
 22750 | Tar:4    | Noticed a Tzitzimitl
 22754 | Tar:4    | Noticed a bone dragon
 22761 | Tar:4    | Killed a Tzitzimitl
 22767 | Tar:4    | Killed a bone dragon
 22837 | Tar:5    | Reached skill level 15 in Armour
 22841 | Tar:5    | Noticed a doom hound
 22852 | Tar:5    | Killed a doom hound
 22854 | Tar:5    | Noticed a Tzitzimitl
 22855 | Tar:5    | Noticed a doom hound
 22860 | Tar:5    | Killed a Tzitzimitl
 22861 | Tar:5    | Killed a doom hound
 22877 | Tar:5    | Noticed a Tzitzimitl
 22883 | Tar:5    | Killed a Tzitzimitl
 22972 | Tar:5    | Gained mutation: Your magical capacity is low (-10% MP). [mutagenic glow]
 23011 | Tar:5    | You fall through a shaft!
 23013 | Tar:6    | Reached XP level 19. HP: 141/170 MP: 30/30
 23145 | Tar:7    | Entered Level 7 of Tartarus
 23153 | Tar:7    | Noticed a bone dragon
 23163 | Tar:7    | Killed a bone dragon
 23361 | Tar:7    | namelastname112: а че это тут у нас
 23365 | Tar:7    | crauler: ???
 23365 | Tar:7    | namelastname112: духз чели
 23365 | Tar:7    | ololoev: сорванный духз
 23390 | Tar:7    | namelastname112: в абисс улетел,
 23398 | Tar:7    | namelastname112: ?
 23400 | Tar:7    | ololoev: да
 23400 | Tar:7    | namelastname112: ну лайт выиграешь
 23400 | Tar:7    | ololoev: не прочекал пушки и нарвался на хелл найта с дистортом
 23444 | Tar:7    | Noticed a Tzitzimitl
 23453 | Tar:7    | Killed a Tzitzimitl
 23566 | Tar:7    | Noticed a doom hound
 23571 | Tar:7    | Killed a doom hound
 23583 | Tar:7    | Noticed a bone dragon
 23591 | Tar:7    | Noticed a bone dragon
 23600 | Tar:7    | Killed a bone dragon
 23602 | Tar:7    | Killed a bone dragon
 23698 | Tar:7    | Noticed a doom hound
 23703 | Tar:7    | Killed a doom hound
 23795 | Tar:7    | Noticed a Tzitzimitl
 23797 | Tar:7    | Noticed a Tzitzimitl
 23799 | Tar:7    | Killed a Tzitzimitl
 23803 | Tar:7    | Killed a Tzitzimitl
 23867 | Tar:7    | Noticed a Tzitzimitl
 23878 | Tar:7    | Killed a Tzitzimitl
 23878 | Tar:7    | Reached XP level 20. HP: 174/182 MP: 27/31
 23921 | Tar:7    | Identified Tolycud's Reference Book on Assistive Enchantment
 23964 | Tar:7    | Noticed a bone dragon
 23976 | Tar:7    | Killed a bone dragon
 24379 | Tar:7    | Noticed a doom hound
 24386 | Tar:7    | Killed a doom hound
 24395 | Tar:7    | Noticed a bone dragon
 24398 | Tar:7    | Noticed a bone dragon
 24402 | Tar:7    | Killed a bone dragon
 24408 | Tar:7    | Killed a bone dragon
 24441 | Tar:7    | DEFE: о
 24444 | Tar:7    | DEFE: затащил
 24444 | Tar:7    | DEFE: ну в общем-то так оно и делается
 24444 | Tar:7    | ololoev: вот только абисснули по дороге
 24445 | Tar:7    | DEFE: я делал подобное с минотавром и кетавром
 24508 | Tar:7    | Noticed a Tzitzimitl
 24512 | Tar:7    | Killed a Tzitzimitl
 24564 | Tar:7    | Noticed a Tzitzimitl
 24566 | Tar:7    | Killed a Tzitzimitl
 24567 | Tar:7    | Noticed a Tzitzimitl
 24584 | Tar:7    | Noticed a Tzitzimitl
 24586 | Tar:7    | Killed a Tzitzimitl
 24596 | Tar:7    | Killed a Tzitzimitl
 24663 | Tar:7    | Reached XP level 21. HP: 140/191 MP: 32/32
 24726 | Tar:7    | crauler: а оркотавром?
 24732 | Tar:7    | Noticed Ereshkigal
 24746 | Tar:7    | Killed Ereshkigal
 24760 | Tar:7    | Got a wavering garnet amulet
 24763 | Tar:7    | Identified the amulet of Moodiness {Faith rC+} (You found it on level 7 of Tartarus)
 24764 | Tar:7    | DEFE: я просто не очень люблю ХО
 24771 | Tar:7    | Got a heavily runed platinum ring
 24772 | Tar:7    | DEFE: мне Минотавры ближе
 24773 | Tar:7    | Identified the ring "Qennuozi" {rF+ Dex+8} (You found it on level 7 of Tartarus)
 24774 | Tar:7    | DEFE: опа
 24774 | Tar:7    | DEFE: рФ
 24777 | Tar:7    | DEFE: как раз под геену
 24777 | Tar:7    | Got a bone rune of Zot
 24780 | Tar:7    | Got a glittering amber ring
 24782 | Tar:7    | Identified the ring "Meawaex" {rElec rC+ SInv} (You found it on level 7 of Tartarus)
 24783 | Tar:7    | DEFE: и рЭлек
 24786 | Tar:7    | DEFE: под кокотус
 24920 | Hell     | BrandedWarrior: Сколько рун? Я пропустил сообщение.
 24945 | Hell     | DEFE: если курмута много
 24945 | Hell     | DEFE: можно дис
 24945 | Hell     | ololoev: 1 только
 24945 | Hell     | BrandedWarrior: вау
 24945 | Hell     | DEFE: не
 24945 | Hell     | DEFE: тогда не надо
 24945 | Hell     | ololoev: в дисе сейчас можно нарваться на гигантов
 24945 | Hell     | ololoev: не позилиться
 24945 | Hell     | ololoev: *похилиться
 24946 | Geh:1    | Entered Level 1 of Gehenna
 24952 | Geh:1    | DEFE: да там живые есть
 24974 | Geh:1    | DEFE: айрон тролли
 24984 | Geh:1    | DEFE: тамм
 24995 | Geh:1    | DEFE: тебе всего 3 руны нужны же
 24998 | Geh:1    | DEFE: можно забить на дис
 25007 | Geh:1    | BrandedWarrior: А откуда тогда армор такой, повезло с ним?
 25007 | Geh:1    | ololoev: не
 25007 | Geh:1    | ololoev: для духза надо 4 руны, убить 4 лордов и серпента
 25023 | Geh:1    | DEFE: а воровать нельзя
 25136 | Geh:2    | Reached skill level 10 in Dodging
 25150 | Geh:2    | crauler: https://www.youtube.com/watch?v=HmZm8vNHBSU
 25344 | Geh:3    | Found an ancient bone altar of Kikubaaqudgha.
 25701 | Geh:6    | Reached XP level 22. HP: 195/201 MP: 34/34
 25866 | Geh:7    | Entered Level 7 of Gehenna
 26294 | Geh:7    | DEFE: в шоалсах же ни у кого си инва нет?
 26310 | Geh:7    | ololoev: у ильсува может
 26343 | Geh:7    | crauler: ?/M merfolk
 26423 | Geh:7    | DEFE: лол
 26432 | Geh:7    | DEFE: 3 скрола аквара
 26434 | Geh:7    | DEFE: одним стаком
 26436 | Geh:7    | DEFE: на А1
 26445 | Geh:7    | crauler: A?
 26467 | Geh:7    | DEFE: shoAls
 26473 | Geh:7    | crauler: a
 26883 | Geh:7    | Noticed Asmodeus
 26900 | Geh:7    | Killed Asmodeus
 26900 | Geh:7    | Reached XP level 23. HP: 77/211 MP: 20/35
 26934 | Geh:7    | Identified Guritow's Incunabulum of Burning Changing (You found it on level 7 of Gehenna)
 26986 | Geh:7    | DEFE: в дисе просто какодемонов навалом
 26992 | Geh:7    | DEFE: особенно на 7
 27021 | Geh:7    | Got an obsidian rune of Zot
 27260 | Coc:1    | Entered Level 1 of Cocytus
 27286 | Coc:2    | DEFE: антей тебя вполне убить может
 27354 | Coc:2    | ololoev: зависит от размеров моей личной армии
 27361 | Coc:2    | crauler: rC++?
 27371 | Coc:2    | ololoev: +++
 27393 | Coc:2    | crauler: uzhe chtoto
 27524 | Coc:2    | You fall through a shaft for 2 floors!
 27608 | Coc:5    | Noticed a shard shrike
 27609 | Coc:5    | Noticed a shard shrike
 27617 | Coc:5    | Killed a shard shrike
 27620 | Coc:5    | Killed a shard shrike
 27651 | Coc:5    | DEFE: rElec завезли-то?
 27696 | Coc:5    | Noticed a shard shrike
 27705 | Coc:5    | ololoev: так на кольце же!
 27705 | Coc:5    | DEFE: а тода норм
 27708 | Coc:5    | DEFE: но все равно выпей майт
 27877 | Coc:5    | Noticed an ancient lich
 27882 | Coc:5    | Killed an ancient lich
 28080 | Coc:7    | Entered Level 7 of Cocytus
 28181 | Coc:7    | Noticed a shard shrike
 28182 | Coc:7    | Noticed a shard shrike
 28182 | Coc:7    | Noticed a shard shrike
 28193 | Coc:7    | Killed a shard shrike
 28193 | Coc:7    | Killed a shard shrike
 28195 | Coc:7    | Killed a shard shrike
 28275 | Coc:7    | Reached XP level 24. HP: 221/221 MP: 35/35
 28425 | Coc:7    | Noticed the Serpent of Hell
 28436 | Coc:7    | Killed the Serpent of Hell
 28780 | Coc:7    | Noticed Antaeus
 28882 | Coc:7    | Noticed a shard shrike
 28890 | Coc:7    | Killed a shard shrike
 28994 | Coc:7    | ololoev: антей жесткий
 29144 | Coc:7    | DEFE: да
 29163 | Coc:7    | DEFE: он самый опасный из них
 29182 | Coc:7    | DEFE: потому что самый жирный
 29298 | Coc:7    | Noticed a shard shrike
 29306 | Coc:7    | crauler: 2 int
 29310 | Coc:7    | crauler: BRAIN
 29311 | Coc:7    | crauler: LESS
 29317 | Coc:7    | Killed a shard shrike
 29594 | Coc:7    | Noticed a shard shrike
 29606 | Coc:7    | Killed a shard shrike
 29715 | Coc:7    | Noticed a shard shrike
 29718 | Coc:7    | Killed a shard shrike
 30051 | Coc:7    | Got an icy rune of Zot
 30081 | Coc:7    | Killed Antaeus
 30156 | Coc:7    | Reached skill level 27 in Invocations
 30240 | Coc:7    | crauler: dis остался?
 30247 | Coc:7    | ololoev: yep
 30328 | Coc:7    | crauler: super.man.
 30426 | Dis:1    | Entered Level 1 of the Iron City of Dis
 30576 | Dis:2    | Found a huge runed gate.
 30576 | Dis:2    | Found a huge runed gate.
 30577 | Dis:2    | Found a huge runed gate.
 30584 | Dis:2    | Reached XP level 25. HP: 99/231 MP: 36/36
 30721 | Dis:2    | Found a huge runed gate.
 30725 | Dis:2    | Found a huge runed gate.
 30793 | Dis:2    | Reached skill level 27 in Axes
 31611 | Dis:7    | Entered Level 7 of the Iron City of Dis
 32050 | Dis:7    | HP: 8/235 [Hell Sentinel/damnation (38)]
 32063 | Dis:7    | HP: 6/235 [Hell Sentinel/iron shot (26)]
 32092 | Dis:7    | crauler: poor little white guy.jpg
 32098 | Dis:7    | HP: 7/235 [reaper/scythe of freezing (32)]
 32136 | Dis:7    | crauler: только гая заменить на орка а негров на гигантов
 32322 | Dis:7    | HP: 10/232 [quicksilver dragon (2)]
 32323 | Dis:7    | Killed from afar by a quicksilver dragon

Dungeon Overview and Level Annotations

Branches:
Dungeon (15/15)            Temple (1/1) D:7            Lair (0/8) D:11
    Orc (0/2) D:12         Vaults (0/5) D:14         Depths (2/5) D:15
   Hell (1/1)                 Dis (7/7) Hell            Geh (7/7) Hell
    Coc (7/7) Hell            Tar (7/7) Hell

Altars:
Ashenzari
Cheibriados
Dithmenos
Elyvilon
Fedhas
Gozag
Kikubaaqudgha
Makhleb
Nemelex Xobeh
Pakellas
Qazlal
Ru
Trog
Vehumet
Yredelemnul
Zin
The Shining One

Shops:
D:5 *   D:12 [

Portals:
Hell: Depths:1 Depths:2


Message History

The iron troll is moderately wounded.
The iron troll bites you but does no damage.
The iron troll claws you but does no damage. x2
You hit the iron troll but do no damage.
You kick the iron troll, but do no damage.
The iron troll is moderately wounded.
You hit the iron troll.
You kick the iron troll, but do no damage.
The iron troll is moderately wounded.
The iron troll bites you but does no damage.
The iron troll claws you but does no damage.
The iron troll closely misses you.
You slash the iron troll!
You kick the iron troll, but do no damage.
You headbutt the iron troll, but do no damage.
The iron troll is heavily wounded.
You slice the iron troll!!
You kick the iron troll, but do no damage.
The iron troll is severely wounded.
The iron troll closely misses you.
The iron troll claws you but does no damage.
The iron troll claws you!
You slice the iron troll!!
You kill the iron troll!
You start resting.
Your disease is taking its toll.
You feel dopey.
All of the chunks of flesh in your inventory have rotted away.
You start resting.
Magic restored.
You start resting.
You feel your health improve.
You start resting.
You hear diabolical laughter!
An iron imp comes into view.
You slice the iron imp like a ripe choko!!!
You kill the iron imp!
The Shining One accepts your kill.
You start resting.
A quicksilver dragon comes into view.
The quicksilver dragon roars!
Things that are here:
6 large rocks; an iron troll corpse You see here a scythe of freezing.
Use which ability? (? or * to list)
You are momentarily dazzled by a brilliant light.
You are feeling hungry.
What do you say? t - Shout!
Orders for allies: a - Attack new target. r - Retreat! s - Stop attacking. w - Wait here. f - Follow me.
Anything else - Stay silent.
Gang up on whom?
Press: ? - help, Dir - move target cursor, f - quicksilver dragon
Aim: a quicksilver dragon (haloed) Attack!
The quicksilver dragon breathes dispelling energy at you.
The bolt of dispelling energy hits you!
Your daeva calls down the wrath of the Shining One upon the quicksilver dragon.
The quicksilver dragon is smitten.
Something shouts, "Begone, thou simpering folly-fallen clotpole!"
The quicksilver dragon breathes dispelling energy at you.
The bolt of dispelling energy hits you!
Your daeva calls down the wrath of the Shining One upon the quicksilver dragon.
The quicksilver dragon is smitten.
You swap places.
Your daeva calls down the wrath of the Shining One upon the quicksilver dragon.
The quicksilver dragon is smitten.
Drink which item? (? for menu, Esc to quit)
Okay, then.
The quicksilver dragon bites you! The quicksilver dragon claws you.
Your daeva hits the quicksilver dragon but does no damage.
Your daeva hits the quicksilver dragon with a long sword of holy wrath!
You slash the quicksilver dragon!
Your kick misses the quicksilver dragon.
Your headbutt misses the quicksilver dragon.
The quicksilver dragon is severely wounded.
The quicksilver dragon breathes dispelling energy at you.
The bolt of dispelling energy hits you!
You die...

You could see a quicksilver dragon and a friendly daeva.

Vanquished Creatures
  Asmodeus (Geh:7)
  Antaeus (Coc:7)
  the Serpent of Hell (Coc:7)
  An ancient lich (Coc:5)
  A juggernaut (Depths:2)
  7 shard shrikes
  A golden dragon (Depths:2)
  Geryon (Hell)
  12 Tzitzimimeh
  9 bone dragons
  A lich (Geh:1)
  13 Brimstone Fiends
  An iron giant (Dis:6)
  6 doom hounds
  13 Ice Fiends
  5 Hell Sentinels
  A tentacled monstrosity (Abyss:2)
  2 quicksilver dragons (Dis:7)
  3 titans (Depths:2)
  Frances (D:12)
  4 shadow dragons
  A sphinx (Depths:2)
  6 fire giants
  3 iron dragons (Dis:2)
  A frost giant (Depths:2)
  9 balrugs
  8 war gargoyles
  10 stone giants
  A curse skull (Hell)
  54 reapers
  An elemental wellspring (Coc:7)
  11 salamander stormcallers
  6 very ugly things
  6 vampire knights
  A lorocyproca (Abyss:2)
  2 ettins
  A merfolk impaler (Depths:1)
  A minotaur (Lab)
  5 quicksilver dragon zombies
  A vault guard (D:14)
  6 fire dragons
  A kraken zombie (Hell)
  A yaktaur captain (Depths:2)
  3 jiangshi (Tar:7)
  Josephine (D:10)
  10 blizzard demons
  2 spectral krakens (Tar:7)
  2 great orbs of eyes (Depths:1)
  2 entropy weavers
  12 ice dragons
  Harold (D:11)
  2 rakshasas (Depths:1)
  2 quicksilver dragon skeletons
  Fannar (D:12)
  2 hydras (D:13)
  2 spriggan air magi (Depths:2)
  A ghost crab (Tar:6)
  Erica (D:8)
  9 centaur warriors
  A dancing weapon (Dis:6)
  32 hell hogs
  A hell hog (shapeshifter) (Depths:1)
  An alligator (Geh:5)
  4 deep troll shamans (Depths:2)
  3 vampire magi
  2 tengu warriors
  6 titan zombies
  2 storm dragon zombies
  Urug (D:15)
  The ghost of namelastname112 the Destroyer, a novice DrCj (Bailey)
  Nergalle (D:11)
  18 soul eaters
  42 hell knights
  17 sun demons
  A shadow wraith (Geh:1)
  5 iron trolls
  A wretched star (Abyss:2)
  6 unseen horrors
  8 iron golems
  8 anaconda zombies
  3 golden dragon zombies
  A salamander mystic (Geh:7)
  6 titan skeletons
  57 skeletal warriors
  2 storm dragon skeletons
  10 flayed ghosts
  22 shadow demons
  3 orc knights
  15 necromancers
  12 phantasmal warriors
  5 wolf spider zombies
  4 anaconda skeletons
  A shadow dragon zombie (Dis:4)
  4 golden dragon skeletons
  3 fire giant zombies
  7 hill giants
  4 deep elf magi
  8 iron dragon zombies
  An orc sorcerer (D:15)
  2 cyclopes
  3 frost giant zombies
  8 stone giant zombies
  A hornet (shapeshifter) (D:15)
  33 ugly things
  6 shadow dragon skeletons
  A griffon (D:15)
  A manticore (shapeshifter) (D:15)
  A manticore (D:13)
  5 iron dragon skeletons
  A worldbinder (Hell)
  An octopode (shapeshifter) (Depths:2)
  2 shock serpent zombies
  6 frost giant skeletons
  6 fire giant skeletons
  9 salamanders
  3 titan simulacra (Coc:7)
  5 dire elephant zombies
  11 rust devils
  4 stone giant skeletons
  7 smoke demons
  4 storm dragon simulacra (Coc:7)
  13 spectral swamp worms (Tar:7)
  9 molten gargoyles (Geh:7)
  An orange demon (Hell)
  A shock serpent skeleton (Coc:2)
  5 dire elephant skeletons
  2 yaktaurs (Depths:2)
  24 hellions
  21 freezing wraiths
  2 komodo dragons
  An emperor scorpion zombie (Tar:1)
  21 tormentors
  20 ice devils
  A green draconian zombie (Geh:1)
  3 efreet
  A black draconian skeleton (Coc:7)
  A hellwing (Depths:1)
  4 anaconda simulacra
  19 red devils
  3 silent spectres
  2 harpy zombies
  2 tengu conjurers (D:14)
  15 hydra zombies
  A wolf spider simulacrum (Coc:2)
  A two-headed ogre (D:10)
  4 hydra skeletons
  A harpy skeleton (Tar:7)
  5 fire dragon zombies
  A wind drake (shapeshifter) (D:14)
  7 alligator zombies
  A deep troll zombie (Hell)
  2 raiju (Abyss:2)
  Prince Ribbit (D:5)
  18 slime creatures
  A spriggan zombie (Hell)
  5 ice dragon zombies
  10 ettin zombies
  4 fire dragon skeletons
  2 black mamba zombies
  54 flying skulls
  10 redbacks
  13 water elementals
  2 air elementals (Depths:2)
  A redback (shapeshifter) (D:13)
  Sigmund (D:4)
  A black mamba skeleton (Geh:7)
  6 ice dragon skeletons
  An elf zombie (Hell)
  A centaur simulacrum (D:15)
  3 alligator skeletons
  A tarantella (Depths:2)
  2 wyverns
  25 shadows
  6 ettin skeletons
  27 wraiths
  22 yaks
  21 fire elementals
  14 humans
  2 hippogriffs
  A golden eye (D:8)
  6 hungry ghosts
  4 vampire mosquitoes
  2 spatial vortices (Coc:7)
  A warg (D:15)
  2 mottled dragons
  8 spiny frog zombies
  3 water moccasins
  52 hell hounds
  A merfolk skeleton (Coc:2)
  4 hydra simulacra
  2 snapping turtle zombies
  8 spiny frog skeletons
  2 small abominations (Abyss:2)
  16 orc warriors
  3 sky beasts
  A swamp dragon zombie (Coc:6)
  2 wasps
  A black bear (D:10)
  7 ice beasts
  An eye of draining (D:13)
  13 necrophages
  12 ogres
  8 boggarts (Depths:1)
  4 manticore zombies
  5 phantoms
  2 manticore skeletons
  3 snapping turtle skeletons
  15 centaurs
  6 big kobolds
  2 crocodiles
  12 giant frogs
  5 water moccasin zombies (Ossuary)
  3 wyvern zombies
  A spiny frog simulacrum (Coc:7)
  A wyvern skeleton (D:10)
  A troll zombie (Geh:7)
  3 scorpions
  3 killer bees (D:10)
  60 wights
  6 howler monkeys
  A giant frog zombie (D:13)
  24 crimson imps
  6 centaur zombies
  A quasit (D:9)
  7 hounds
  5 jellies
  23 orc wizards
  6 orc priests
  11 centaur skeletons
  A giant frog skeleton (D:6)
  14 iron imps
  Terence (D:3)
  A hell rat (D:6)
  An iguana (D:3)
  2 human skeletons (Tar:7)
  17 worker ants
  A killer bee zombie (D:10)
  3 sheep (D:14)
  6 big kobold zombies (Ossuary)
  3 ogre zombies
  2 naga skeletons
  A human simulacrum (Coc:7)
  2 hound skeletons (D:10)
  7 mummies
  A howler monkey zombie (D:9)
  A worker ant zombie (D:10)
  13 gnolls
  13 adders
  5 river rats
  9 shadow imps
  5 white imps
  2 oozes
  6 adder zombies
  6 worms
  2 dart slugs (D:2)
  2 giant geckos
  65 orcs
  7 ball pythons
  8 giant cockroaches
  22 goblins
  21 hobgoblins
  7 jackals
  5 quokkas
  18 bats
  A giant cockroach zombie (D:5)
  2 giant newts (D:3)
  4 gnoll zombies (Ossuary)
  5 hobgoblin zombies (Ossuary)
  33 kobolds
  4 kobold zombies (Ossuary)
  4 orc zombies (Ossuary)
  2 quokka zombies
  44 rats
  2 fungi (D:11)
  4 tentacles
1932 creatures vanquished.

Vanquished Creatures (collateral kills)
  Ereshkigal (Tar:7)
  2 shard shrikes (Coc:7)
  2 iron giants (Dis:7)
  A Brimstone Fiend (Dis:7)
  A hellephant (Depths:2)
  A Hell Sentinel (Dis:7)
  An Ice Fiend (Coc:7)
  A quicksilver dragon (Dis:7)
  A fire giant (Depths:2)
  A deep elf sorcerer (Depths:2)
  4 reapers
  An orc warlord (Bailey)
  2 stone giants
  2 elemental wellsprings
  A deep elf demonologist (Depths:2)
  2 fire dragons (D:15)
  A quicksilver dragon zombie (Coc:7)
  2 ice dragons (Coc:7)
  A quicksilver dragon skeleton (Tar:7)
  A death knight (D:15)
  An ogre mage (D:13)
  A soul eater (Tar:7)
  2 skeletal warriors
  An iron troll (Depths:2)
  2 hell knights (Hell)
  An anaconda zombie (Coc:7)
  3 wizards (D:14)
  An anaconda skeleton (Coc:5)
  An orc knight (Bailey)
  A necromancer (D:14)
  2 fire giant zombies
  2 frost giant skeletons (Coc:7)
  A rust devil (Dis:7)
  3 freezing wraiths (D:15)
  3 ice devils
  A harpy zombie (Coc:5)
  2 hydra zombies
  A tengu conjurer (Depths:2)
  A harpy skeleton (Coc:7)
  An ice dragon zombie (Coc:7)
  An alligator zombie (Coc:5)
  2 water elementals (Coc:7)
  An ice dragon skeleton (Coc:7)
  6 humans (D:14)
  A basilisk (D:15)
  A hungry ghost (Coc:7)
  3 spiny frog zombies
  A soldier ant (D:15)
  A giant eyeball (Depths:2)
  4 orc warriors
  An ogre (D:13)
  A gnoll (Bailey)
  2 orcs (Bailey)
  A goblin (Bailey)
86 creatures vanquished.

Vanquished Creatures (others)
  A sphinx (Depths:2)
  2 eldritch tentacles
  2 hell hogs (Geh:7)
  A frost giant zombie (Geh:6)
  A fire elemental (Geh:6)
  A human (D:14)
  2 iron imps (Dis:7)
  A kobold zombie (Geh:7)
  195 eldritch tentacle segments
  4 lost souls (Hell)
  10 tentacles
  374 tentacle segments
594 creatures vanquished.

Grand Total: 2612 creatures vanquished

Action                   |  1- 3 |  4- 6 |  7- 9 | 10-12 | 13-15 | 16-18 | 19-21 | 22-24 | 25-27 || total
-------------------------+-------+-------+-------+-------+-------+-------+-------+-------+-------++-------
Melee: War axe           |   110 |   211 |   336 |   602 |   257 |       |       |       |       ||  1516
       Hand axe          |       |       |   152 |       |       |       |       |       |       ||   152
       Headbutt          |       |       |       |     6 |   182 |   150 |   227 |   322 |   114 ||  1001
       Broad axe         |       |       |       |     2 |       |       |       |       |       ||     2
       Scimitar          |       |       |       |       |    12 |       |       |       |       ||    12
       Battleaxe         |       |       |       |       |   474 |   668 |   852 |   996 |   293 ||  3283
       Kick              |       |       |       |       |   181 |   271 |   309 |   461 |   176 ||  1398
Invok: Cleansing Flame   |       |       |       |     2 |     7 |    24 |    28 |    49 |    41 ||   151
       Summon Divine War |       |       |       |     2 |     6 |     7 |     2 |    19 |     7 ||    43
       Divine Shield     |       |       |       |       |     4 |       |       |       |       ||     4
       Brand Weapon With |       |       |       |       |     1 |       |       |       |       ||     1
 Abil: Evoke Flight      |       |       |       |       |       |       |       |     8 |       ||     8
Evoke: Wand              |       |       |     6 |     3 |       |       |       |       |       ||     9
  Use: Potion            |       |       |     2 |     8 |     1 |     8 |     4 |     8 |    13 ||    44
       Scroll            |       |       |       |    19 |    24 |     8 |     1 |     4 |     3 ||    59
  Eat: Chunk             |     2 |     5 |    11 |    12 |    28 |     7 |     1 |     6 |     1 ||    73
       Royal jelly       |       |       |     1 |       |       |       |       |       |       ||     1
       Beef jerky        |       |       |       |     2 |       |       |       |       |       ||     2
       Bread ration      |       |       |       |     1 |     2 |     3 |     3 |     2 |     1 ||    12
       Fruit             |       |       |       |       |     1 |       |       |       |       ||     1
       Meat ration       |       |       |       |       |       |       |       |     4 |     1 ||     5
Armor: Scale mail        |    57 |   121 |       |       |       |       |       |       |       ||   178
       Chain mail        |       |    31 |   228 |   291 |       |       |       |       |       ||   550
       Plate armour      |       |       |       |    19 |   266 |       |       |       |       ||   285
       Gold dragon armou |       |       |       |       |   197 |   569 |   618 |   731 |   227 ||  2342
Dodge: Dodged            |    69 |   141 |   143 |   313 |   302 |   313 |   355 |   443 |   172 ||  2251
Block: Other             |       |       |       |       |    50 |       |       |       |       ||    50

Vault maps used:
D:1:      kennysheep_arrival_seaside, minmay_misc_feat_plants
D:2:      ecumenical_altar_1, tgw_trog
D:3:      portal_sewer_entry_e, minmay_item_behind_shaft, uniq_terence
D:4:      first_bread, uniq_sigmund
D:5:      nicolae_elemental_shop, uniq_prince_ribbit1
D:6:      lemuel_ratsnest, minmay_misc_feat_tiny
D:7:      vehumet_altar_wand_db, temple_statues, minmay_misc_feat_alley
D:8:      minitemple, nicolae_ossuary_entry_plus, uniq_psyche, uniq_erica
D:9:      grunt_pizzeria
D:10:     hangedman_screamer, serial_park_tiny_pond
D:11:     grunt_lair_entry_orc_guard_hut, minmay_holes, uniq_nergalle,
          uniq_josephine, uniq_harold
D:12:     orc_david_3, lab_entry_generic, enter_bailey_8, uniq_fannar,
          uniq_frances
D:13:     wad_guarded_room, minmay_misc_feat_cross, serial_bayou_pond_e
D:14:     grunt_vaults_entry_tiered, hangedman_abyss_or_decor_passed,
          amethyst_killhole
D:15:     grunt_enter_depths_hoard, minivault_27, uniq_urug
Temple:   nicolae_temple_x_marks_the_god
Depths:1: hellmouth_1, hangedman_decor_slide_cut
Depths:2: minmay_three_patterns, hangedman_coc_ice_floe
Dis:1:    hangedman_dis_decor_blocks_talon
Dis:2:    door_vault, grunt_megastairs_2
Dis:4:    nicolae_dis_hell_towers
Dis:6:    hangedman_dis_chains, nicolae_dis_strange_trophy_room,
          hangedman_dis_decor_blocks_crown
Dis:7:    dis_grunt_layers
Geh:1:    special_room, grunt_megastairs_1
Geh:3:    hangedman_feature_mirror, evilmike_ambush
Geh:5:    nicolae_geh_single_fiery_grave
Geh:7:    geh_mu
Coc:7:    coc_old
Tar:1:    nicolae_tar_cuneiform_bird
Tar:2:    lemuel_elevator
Tar:7:    tar_minmay_river
Abyss:2:  hangedman_abyss_or_decor_clamps
Lab:      labyrinth_hidden_loot, nicolae_lab_garden, labyrinth_skeletal_remains,
          lab_statue
Sewer:    kennysheep_pipe_town
Ossuary:  ossuary_tomb_2
Bailey:   bailey_axe_minmay_hex_keep, bailey
